[Event "Titled Tuesday Blitz May 17 Early 2022"]
[White "Shimanov, Aleksandr"]
[Black "Bachmann, Axel"]
[WhiteFideId "4198603"]
[BlackFideId "3700488"]
[WhiteElo "2605"]
[BlackElo "2587"]
[Result "1-0"]
[Round "09"]
[TimeControl "180+1"]
[Date "2022.05.17"]
[WhiteClock "0:00:04"]
[BlackClock "0:00:07"]

1. d4 Nf6 2. Nc3 g6 3. Bf4 Bg7 4. e4 d6 5. Nf3 O-O 6. Qd2 c6 7. Bd3 Bg4 8. O-O-O Nbd7 9. Bh6 e5 10. Bxg7 Kxg7 11. Be2 Qa5 12. Kb1 b5 13. a3 Rab8 14. h3 b4 15. axb4 Qxb4 16. b3 Be6 17. dxe5 dxe5 18. Na2 Qa3 19. Ng5 Bxb3 20. cxb3 Rxb3+ 21. Ka1 Rfb8 22. Rb1 Nc5 23. Bc4 Nfxe4 24. Nxe4 Nxe4 25. Qc2 Rxb1+ 26. Rxb1 Rxb1+ 27. Kxb1 Nf6 28. Bb3 Qd6 29. Nc3 Qd4 30. Kc1 a5 31. Qd2 Qc5 32. Kb2 Qb4 33. Nb1 Qe4 34. f3 Qh4 35. Qxa5 Qg3 36. Qd2 e4 37. fxe4 Qe5+ 38. Qc3 Qxe4 39. g4 Qg2+ 40. Nd2 h6 41. Bc2 Qf2 42. Ne4 Qf4 43. Nxf6 Qxf6 44. Kb3 Qxc3+ 45. Kxc3 Kf6 46. Bb3 Kg5 47. Bxf7 h5 48. Be6 Kh4 49. Kd4 Kg3 50. Ke5 h4 51. g5 c5 52. Kf6 c4 53. Bxc4 1-0


[Site "https://www.chess.com"]

[Event "Titled Tuesday Blitz May 17 Early 2022"]
[White "Shipov, Sergei"]
[Black "Antipov, Mikhail Al."]
[WhiteFideId "4113624"]
[BlackFideId "4107012"]
[WhiteElo "2792"]
[BlackElo "2512"]
[Result "1-0"]
[Round "09"]
[TimeControl "180+1"]
[Date "2022.05.17"]
[WhiteClock "0:01:18"]
[BlackClock "0:00:01"]

1. d4 Nf6 2. c4 g6 3. Nc3 d5 4. cxd5 Nxd5 5. Nf3 Bg7 6. Na4 Bf5 7. Nh4 Qd6 8. Nxf5 gxf5 9. e3 Nd7 10. g3 e5 11. dxe5 Nxe5 12. Bg2 O-O-O 13. O-O h5 14. Qb3 h4 15. Rd1 c6 16. Nc3 hxg3 17. hxg3 Kb8 18. Nxd5 cxd5 19. Rxd5 Qc7 20. Bd2 Rxd5 21. Bxd5 Rd8 22. Rc1 Qd7 23. Bg2 Nd3 24. Rb1 Nc5 25. Qc4 Ne4 26. Be1 Rc8 27. Qb3 Rd8 28. a4 Be5 29. a5 a6 30. Rc1 Rh8 31. Rd1 Qe7 32. Qd5 Bc7 33. Qxf5 Nd6 34. Qd5 Rd8 35. Bb4 Rd7 36. e4 f6 37. Bc5 Rd8 38. b4 Qh7 39. Qe6 Re8 40. Qxf6 Nb5 41. Qf5 Qh8 42. Qf3 Nc3 43. Re1 Be5 44. Qe3 Nb5 45. f4 Bc3 46. Rd1 Rd8 47. Rxd8+ Qxd8 48. e5 Qd1+ 49. Kh2 Qh5+ 50. Bh3 Bb2 51. e6 1-0


[Site "https://www.chess.com"]

[Event "Titled Tuesday Blitz May 17 Early 2022"]
[White "Shuvalova, Polina"]
[Black "Xu, Yi"]
[WhiteFideId "24171760"]
[BlackFideId "8605564"]
[WhiteElo "2355"]
[BlackElo "2471"]
[Result "0-1"]
[Round "09"]
[TimeControl "180+1"]
[Date "2022.05.17"]
[WhiteClock "0:00:08"]
[BlackClock "0:00:05"]

1. e4 c5 2. Nc3 Nc6 3. Bb5 Nd4 4. Nf3 g6 5. O-O Bg7 6. Re1 Nxb5 7. Nxb5 d6 8. d4 a6 9. Nc3 cxd4 10. Nxd4 Nf6 11. h3 O-O 12. Bg5 h6 13. Bh4 e5 14. Nb3 Be6 15. Qd3 g5 16. Bg3 Qc7 17. Nd2 b5 18. a3 Rfc8 19. Rad1 Rab8 20. Nf1 b4 21. axb4 Rxb4 22. Qxd6 Qxd6 23. Rxd6 Rxb2 24. Nd5 Bxd5 25. exd5 Nh5 26. Bxe5 Bxe5 27. Rxe5 Rcxc2 28. Rxh6 f6 29. Re8+ Kf7 30. Re6 Rxf2 31. Rxh5 Rxg2+ 32. Kh1 Rgf2 33. Re1 Rb8 34. Rh7+ Kg6 35. Rd7 Rb3 36. Kg1 Rff3 37. d6 Rxh3 38. Rde7 Rhd3 39. d7 Rb4 40. R1e3 Rd1 41. Re1 Rd3 42. R7e6 Rxd7 43. Rxa6 Rg4+ 44. Kf2 Rf4+ 45. Kg2 Rd3 46. Re3 Rd1 47. Ng3 Rd2+ 48. Re2 Rd3 49. Rf2 Rxf2+ 50. Kxf2 Rb3 51. Ne4 Kf5 52. Nxf6 g4 53. Nd5 Rb2+ 54. Kg3 Rb3+ 55. Kg2 Rb2+ 56. Kf1 Ke4 57. Nf6+ Kf3 58. Ra3+ Kf4 59. Ra4+ Kf3 60. Nxg4 Rb1# 0-1


[Site "https://www.chess.com"]

[Event "Titled Tuesday Blitz May 17 Early 2022"]
[White "Sirosh, Ilja"]
[Black "Tatarinov, Dmitry"]
[WhiteFideId "4500458"]
[BlackFideId "24160067"]
[WhiteElo "2241"]
[BlackElo "2302"]
[Result "1-0"]
[Round "09"]
[TimeControl "180+1"]
[Date "2022.05.17"]
[WhiteClock "0:00:24"]
[BlackClock "0:00:22"]

1. e4 c6 2. d4 d5 3. e5 Bf5 4. Bd3 e6 5. Bxf5 exf5 6. Ne2 Na6 7. Qd3 g6 8. O-O Nc7 9. c4 dxc4 10. Qxc4 Ne7 11. Bg5 Qd5 12. Qc2 Ne6 13. Bf6 Rg8 14. Nbc3 Qd7 15. Rfd1 Nd5 16. Nxd5 cxd5 17. Qb3 Be7 18. Nc3 Rd8 19. Bxe7 Kxe7 20. Qa3+ Ke8 21. Rac1 b6 22. Qb4 g5 23. Nb5 Qe7 24. Nd6+ Kf8 25. Qb3 Rg6 26. Nxf5 Qd7 27. Nd6 Nf4 28. Qf3 Kg7 29. Rc2 Rf8 30. Rdc1 Rxd6 31. exd6 Qxd6 32. g3 Ne6 33. Qe3 Rd8 34. Rc6 Qe7 35. Qe5+ Qf6 36. f4 gxf4 37. gxf4 Qxe5 38. dxe5 Nxf4 39. Rf1 Ne6 40. Rd6 Rxd6 41. exd6 Kf8 42. Rf5 d4 43. Rh5 Kg7 44. d7 Kf6 45. Rxh7 Ke7 46. Kf2 Nc5 47. Rxf7+ Kd8 48. h4 Nxd7 49. Rxd7+ Kxd7 50. Ke2 Ke6 51. Kd3 Kd5 52. h5 Ke5 53. h6 Kf6 54. Kxd4 Kg6 55. Kd5 Kxh6 56. Kc6 b5 57. Kxb5 Kg6 58. Ka6 1-0


[Site "https://www.chess.com"]

[Event "Titled Tuesday Blitz May 17 Early 2022"]
[White "Sokolovsky, Yahli"]
[Black "Chigaev, Maksim"]
[WhiteFideId "2820242"]
[BlackFideId "4108116"]
[WhiteElo "1770"]
[BlackElo "2457"]
[Result "1/2-1/2"]
[Round "09"]
[TimeControl "180+1"]
[Date "2022.05.17"]
[WhiteClock "0:00:46"]
[BlackClock "0:00:34"]

1. b3 Nf6 2. Bb2 e6 3. e3 d5 4. Nf3 Bd6 5. d4 O-O 6. Bd3 b6 7. O-O Ba6 8. Bxa6 Nxa6 9. Nbd2 c5 10. c4 Qe7 11. Qe2 Nc7 12. e4 dxe4 13. Nxe4 Nxe4 14. Qxe4 h6 15. Rfe1 Rad8 16. Rad1 Rfe8 17. Qg4 f5 18. Qh5 Qf7 19. Qxf7+ Kxf7 20. Ne5+ Bxe5 21. dxe5 Na6 22. a3 Nb8 23. f4 Nc6 24. Kf2 g5 25. Bc3 Rxd1 26. Rxd1 Rd8 27. Rxd8 Nxd8 28. g3 Kg6 29. b4 Kh5 30. Kf3 gxf4 31. Kxf4 Nc6 32. b5 Nd8 33. a4 Nb7 34. h3 Kg6 35. Bd2 h5 36. Bc3 Kh6 37. Bd2 Kg6 38. Be1 Na5 39. Bxa5 bxa5 40. h4 Kh6 41. Ke3 Kg7 42. Kf4 Kg6 43. Ke3 Kf7 44. Kf4 Kg6 45. Ke3 Kf7 46. Kf4 Kg6 1/2-1/2


[Site "https://www.chess.com"]

[Event "Titled Tuesday Blitz May 17 Early 2022"]
[White "Svane, Rasmus"]
[Black "Dubov, Daniil"]
[WhiteFideId "4657101"]
[BlackFideId "24126055"]
[WhiteElo "2674"]
[BlackElo "2791"]
[Result "1-0"]
[Round "09"]
[TimeControl "180+1"]
[Date "2022.05.17"]
[WhiteClock "0:00:07"]
[BlackClock "0:00:03"]

1. Nf3 Nf6 2. g3 b6 3. Bg2 Bb7 4. O-O g6 5. d4 c5 6. c4 cxd4 7. Qxd4 Bg7 8. Nc3 d6 9. Rd1 Nbd7 10. Be3 Rc8 11. Rac1 a6 12. b3 O-O 13. Qh4 h5 14. Bh3 Rc7 15. Bg5 Qa8 16. Qf4 Re8 17. Bg2 Rc5 18. Bh6 Bh8 19. Qd2 Ne4 20. Nxe4 Bxe4 21. Be3 Rf5 22. Bd4 Ne5 23. Bxe5 Bxe5 24. Nh4 Bxg2 25. Nxg2 Bg7 26. Ne3 Bh6 27. f4 Rc5 28. Nd5 Bg7 29. Qe3 Qb7 30. Qf3 Qa7 31. Kg2 b5 32. f5 bxc4 33. Rxc4 Rxc4 34. bxc4 gxf5 35. Qxf5 e6 36. Nf6+ Bxf6 37. Qxf6 Qb7+ 38. Kf2 Qb6+ 39. Kg2 Qc6+ 40. Kh3 Qc5 41. Rd4 Qe5 42. Qxe5 dxe5 43. Rd6 Rc8 44. Rxa6 Rxc4 45. Kg2 Kg7 46. a4 Kf6 47. a5 Ra4 48. Ra8 Kf5 49. Kf3 Ra3+ 50. Kf2 Ke4 51. a6 f5 52. a7 Ra2 53. Re8 Rxa7 54. Rxe6 Rh7 55. Rb6 Rd7 56. Rb4+ Kd5 57. Ra4 Ke6 58. Ra6+ Rd6 59. Ra7 Rd7 60. Ra6+ Rd6 61. Ra8 Rd7 62. Rh8 Kd5 63. Rxh5 Ke4 64. Rh4+ f4 65. gxf4 exf4 66. Rh8 Rg7 67. h4 Rg3 68. Re8+ Kf5 69. h5 Rh3 70. Rh8 Kg5 71. Rg8+ 1-0


[Site "https://www.chess.com"]

[Event "Titled Tuesday Blitz May 17 Early 2022"]
[White "Tarigan, Gilbert Elroy"]
[Black "Khabinets, Ivan"]
[WhiteFideId "7108133"]
[BlackFideId "14115980"]
[WhiteElo "1908"]
[BlackElo "2114"]
[Result "1-0"]
[Round "09"]
[TimeControl "180+1"]
[Date "2022.05.17"]
[WhiteClock "0:00:49"]
[BlackClock "0:00:06"]

1. e4 c5 2. Nf3 d6 3. d4 cxd4 4. Nxd4 Nf6 5. Nc3 a6 6. Bg5 Nbd7 7. f4 h6 8. Bxf6 Nxf6 9. Qf3 e5 10. Nf5 Bxf5 11. exf5 Qc7 12. O-O-O Be7 13. g4 exf4 14. Bg2 O-O 15. h4 Rac8 16. g5 Nd7 17. f6 Nxf6 18. gxf6 Bxf6 19. Qxb7 Qa5 20. Rd5 Rc5 21. Rxc5 Qxc5 22. Qd5 Qe3+ 23. Qd2 Qb6 24. Bd5 Bd4 25. Kb1 Rc8 26. Bb3 Qc6 27. Rd1 Be5 28. Nd5 Qb7 29. Nxf4 a5 30. a4 Rc4 31. Nd3 Rxh4 32. Nxe5 dxe5 33. Qd8+ Kh7 34. Qxh4 Qf3 35. Re1 f6 36. c3 Qd3+ 37. Bc2 1-0


[Site "https://www.chess.com"]

[Event "Titled Tuesday Blitz May 17 Early 2022"]
[White "Timofeev, Artyom"]
[Black "Csonka, Balazs"]
[WhiteFideId "4140419"]
[BlackFideId "742910"]
[WhiteElo "2594"]
[BlackElo "2404"]
[Result "1/2-1/2"]
[Round "09"]
[TimeControl "180+1"]
[Date "2022.05.17"]
[WhiteClock "0:00:14"]
[BlackClock "0:00:05"]

1. e4 c6 2. d4 d5 3. e5 Bf5 4. Nf3 e6 5. Be2 c5 6. O-O Nc6 7. Nc3 cxd4 8. Nxd4 Nge7 9. Bb5 Bg6 10. Be3 a6 11. Bxc6+ Nxc6 12. Nxc6 bxc6 13. Na4 Qa5 14. b3 c5 15. c4 Rd8 16. Qe1 Qxe1 17. Rfxe1 d4 18. Bd2 Be7 19. f4 h5 20. g3 Bf5 21. Kg2 h4 22. Ba5 Rc8 23. Kf3 hxg3 24. hxg3 g5 25. Rh1 g4+ 26. Kf2 Rh3 27. Rxh3 gxh3 28. Kf3 Bd8 29. Bd2 Kd7 30. g4 Bc2 31. Rh1 Kc6 32. Rxh3 Bb1 33. Rh8 Bxa2 34. Ba5 Bxb3 35. Nb2 Kd7 36. Bxd8 Rxd8 37. Rh7 Ke7 38. f5 exf5 39. gxf5 d3 40. e6 d2 41. Rxf7+ Ke8 42. Rc7 d1=Q+ 43. Nxd1 Rxd1 44. Rxc5 Rd4 45. Rc8+ Ke7 46. c5 Bxe6 47. fxe6 Kxe6 48. Ke3 Rc4 49. Kd3 Rc1 50. Kd4 Kd7 51. Ra8 Kc7 52. Rxa6 Rd1+ 53. Kc4 Rc1+ 54. Kb5 Rb1+ 55. Kc4 Rc1+ 56. Kd5 Rd1+ 57. Ke5 Re1+ 58. Kd4 Rc1 59. Rf6 Rd1+ 60. Kc4 Rc1+ 61. Kd5 Rd1+ 62. Kc4 Rc1+ 63. Kd5 Rd1+ 64. Kc4 1/2-1/2


[Site "https://www.chess.com"]

[Event "Titled Tuesday Blitz May 17 Early 2022"]
[White "Vakhlamov, Igor L."]
[Black "Indjic, Aleksandar"]
[WhiteFideId "24126748"]
[BlackFideId "911925"]
[WhiteElo "2401"]
[BlackElo "2616"]
[Result "0-1"]
[Round "09"]
[TimeControl "180+1"]
[Date "2022.05.17"]
[WhiteClock "0:00:04"]
[BlackClock "0:01:38"]

1. e4 d5 2. exd5 Qxd5 3. Nc3 Qd6 4. d4 Nf6 5. Bd3 a6 6. Nge2 Nc6 7. Bf4 Qd8 8. Ne4 Nd5 9. c3 Nxf4 10. Nxf4 e5 11. dxe5 Nxe5 12. Bc2 Bg4 13. f3 Qxd1+ 14. Rxd1 Bd7 15. Bb3 O-O-O 16. Kf2 h6 17. h4 f5 18. Rd5 fxe4 19. Rxe5 exf3 20. Ng6 fxg2 21. Rhe1 Bd6 22. Nxh8 Rxh8 23. Kxg2 Bxe5 24. Rxe5 Re8 25. Rxe8+ Bxe8 26. Kg3 Kd7 27. Bd5 b6 28. Be4 Ke6 29. Kf4 Kf6 30. a3 g5+ 31. hxg5+ hxg5+ 32. Kg3 Ke5 33. Bd3 a5 34. Bc2 Bd7 35. Bd3 Bf5 36. Bc4 Ke4 37. Kf2 Kf4 38. b4 g4 39. Bd5 Be4 40. Bc4 g3+ 41. Kg1 Ke3 42. Bb5 Kd2 43. Bc6 Bxc6 44. b5 Bxb5 0-1


[Site "https://www.chess.com"]

[Event "Titled Tuesday Blitz May 17 Early 2022"]
[White "Yuan, Qingyu"]
[Black "Oganian, Miran"]
[WhiteFideId "8609772"]
[BlackFideId "4122488"]
[WhiteElo "2359"]
[BlackElo "2357"]
[Result "0-1"]
[Round "09"]
[TimeControl "180+1"]
[Date "2022.05.17"]
[WhiteClock "0:00:02"]
[BlackClock "0:00:07"]

1. e4 e6 2. d4 d5 3. e5 c5 4. c3 Nc6 5. Nf3 Nh6 6. Na3 Nf5 7. Nc2 cxd4 8. cxd4 Nh4 9. Nxh4 Qxh4 10. Bd3 Bd7 11. O-O Qd8 12. Qg4 g6 13. a3 Qb6 14. h4 h5 15. Qg3 Be7 16. b4 Qd8 17. Bg5 Bxg5 18. hxg5 h4 19. Qf4 Rh5 20. b5 Na5 21. Be2 Qxg5 22. Qxg5 Rxg5 23. Ne3 Rc8 24. Rac1 Rxc1 25. Rxc1 Nb3 26. Rd1 Ke7 27. Kh2 f6 28. f4 Rg3 29. Bf3 fxe5 30. fxe5 Bxb5 31. Rb1 Bc4 32. Rd1 b5 33. Ng4 a5 34. Nf2 b4 35. axb4 a4 36. Nh1 Rg5 37. Kh3 a3 38. Kxh4 Rf5 39. Ng3 Rf8 40. Re1 a2 41. Kg5 Bd3 42. Ne2 Bb1 43. Nc3 a1=Q 44. Nxb1 Qxd4 0-1


[Site "https://www.chess.com"]

[Event "Titled Tuesday Blitz May 17 Early 2022"]
[White "Zakhartsov, Vladimir"]
[Black "Sjugirov, Sanan"]
[WhiteFideId "4145097"]
[BlackFideId "4189302"]
[WhiteElo "2428"]
[BlackElo "2602"]
[Result "1/2-1/2"]
[Round "09"]
[TimeControl "180+1"]
[Date "2022.05.17"]
[WhiteClock "0:00:11"]
[BlackClock "0:00:05"]

1. d4 Nf6 2. c4 e6 3. Nc3 Bb4 4. e3 O-O 5. Bd2 d5 6. Nf3 b6 7. cxd5 exd5 8. Bd3 Re8 9. O-O Bd6 10. Qc2 Bg4 11. Ng5 h6 12. Nh7 Nbd7 13. h3 Be6 14. Nxf6+ Nxf6 15. Nb5 Ne4 16. Rfc1 Nxd2 17. Qxd2 c5 18. Nxd6 Qxd6 19. dxc5 bxc5 20. Bf1 Qb6 21. b3 a5 22. Rc3 a4 23. Rac1 axb3 24. axb3 Ra5 25. Qc2 d4 26. Rxc5 Bxb3 27. Qf5 Rxc5 28. Qxc5 Qxc5 29. Rxc5 dxe3 30. fxe3 Rxe3 31. Kf2 Re8 32. Bd3 Be6 33. Be2 Rd8 34. Bf3 g6 35. h4 Kg7 36. Kg3 Rd4 37. Re5 Rb4 38. Rc5 Kf6 39. Kf2 Rd4 40. g3 Rb4 41. Ke3 Rb3+ 42. Kf2 Rd3 43. Ra5 Rc3 44. Ke2 g5 45. hxg5+ hxg5 46. Kf2 Rc2+ 47. Ke3 Rb2 48. Rc5 Rb3+ 49. Kf2 Ra3 50. Rb5 g4 51. Be4 Ra2+ 52. Ke3 Ra4 53. Rc5 Ra1 54. Kf2 Ra3 55. Rb5 Ke7 56. Rc5 Kd6 57. Rg5 f6 58. Rb5 Rc3 59. Ra5 Rb3 60. Kg2 Rb2+ 61. Kg1 Bd7 62. Bf5 Bc6 63. Bxg4 Rg2+ 64. Kf1 Rxg3 65. Be2 Rb3 66. Ra6 Kc5 67. Kf2 Rb2 68. Ra5+ Kd4 69. Kf1 Be4 70. Ra4+ Ke3 71. Ra3+ Kf4 72. Ke1 f5 73. Rc3 Ra2 74. Bc4 Ra1+ 75. Kf2 Rh1 76. Bf1 Rh2+ 77. Ke1 Rb2 78. Be2 Ke5 79. Rc5+ Kd4 80. Rc4+ Ke3 81. Rc3+ Kf4 82. Bf1 Ke5 83. Rc5+ Kd4 84. Rc4+ Kd5 85. Rc3 f4 86. Be2 Kd4 87. Rh3 Ra2 88. Rb3 Ra1+ 89. Kf2 Rh1 90. Ra3 Rh2+ 91. Kf1 Bc6 92. Ke1 Bd5 93. Rd3+ Ke4 94. Ra3 Ke5 95. Ra5 Kd4 96. Ra3 Bc6 97. Rd3+ Ke5 98. Rc3 Be4 99. Ra3 Rh1+ 100. Kf2 Rb1 101. Ra5+ Kf6 102. Ra4 Ke5 103. Ra5+ Kd4 104. Ra4+ Ke5 105. Ra5+ 1/2-1/2


[Site "https://www.chess.com"]

[Event "Titled Tuesday Blitz May 17 Early 2022"]
[White "Agasarov, Benik"]
[Black "Srihari L R"]
[WhiteFideId "13314823"]
[BlackFideId "46617116"]
[WhiteElo "2600"]
[BlackElo "2121"]
[Result "1-0"]
[Round "10"]
[TimeControl "180+1"]
[Date "2022.05.17"]
[WhiteClock "0:00:20"]
[BlackClock "0:00:03"]

1. e4 c6 2. Nf3 d5 3. d3 g6 4. Nbd2 Bg7 5. Be2 e5 6. O-O Ne7 7. c3 O-O 8. Re1 f6 9. d4 dxe4 10. Nxe4 f5 11. Neg5 e4 12. Ne5 h6 13. Bc4+ Nd5 14. Nh3 Kh7 15. Nf4 Nxf4 16. Bxf4 Nd7 17. Nf7 Qf6 18. Nd6 Nb6 19. Bb3 Qe7 20. f3 g5 21. Bg3 e3 22. Qd3 Kh8 23. Rxe3 Qf6 24. Be5 Qg6 25. Rae1 Bxe5 26. dxe5 Be6 27. Qd4 Rad8 28. c4 f4 29. R3e2 Qg7 30. c5 Bxb3 31. cxb6 Bd5 32. Nxb7 Qxb7 33. e6+ Qg7 34. Qxg7+ Kxg7 35. e7 axb6 36. exd8=Q Rxd8 37. Rd2 Ra8 38. a3 b5 39. Re7+ Kg6 40. Rd7 Re8 41. Kf2 Re3 42. Re2 Rd3 43. Rd6+ Kg7 44. Re7+ Kf8 45. Ra7 Rd2+ 46. Ke1 Rxg2 47. Rd8# 1-0


[Site "https://www.chess.com"]

[Event "Titled Tuesday Blitz May 17 Early 2022"]
[White "Andreikin, Dmitry"]
[Black "Martinez Alcantara, Jose Eduardo"]
[WhiteFideId "4158814"]
[BlackFideId "3805662"]
[WhiteElo "2736"]
[BlackElo "2690"]
[Result "0-1"]
[Round "10"]
[TimeControl "180+1"]
[Date "2022.05.17"]
[WhiteClock "0:00:04"]
[BlackClock "0:00:07"]

1. Nf3 c5 2. c4 Nf6 3. Nc3 d5 4. cxd5 Nxd5 5. e4 Nb4 6. Bb5+ Bd7 7. a3 N4c6 8. d4 cxd4 9. Nxd4 e6 10. O-O a6 11. Be2 Nxd4 12. Qxd4 Nc6 13. Qd3 Be7 14. Rd1 Qc7 15. Bf4 Qd8 16. e5 Rc8 17. Ne4 Nb8 18. Qg3 Kf8 19. Bh5 Rc4 20. Ng5 g6 21. Nxe6+ fxe6 22. Bh6+ Kf7 23. Qf3+ Ke8 24. Qd3 Qc7 25. Bf3 Bb5 26. Qe3 Nd7 27. Bg7 Rg8 28. Qh6 Bf8 29. Bxf8 Nxf8 30. Rd6 Rg7 31. Rad1 Rd7 32. b3 Rc3 33. a4 Bd3 34. Qd2 Rxb3 35. Rc1 Qxc1+ 36. Qxc1 Rb1 37. Qxb1 Bxb1 38. Rb6 Be4 39. Be2 Rd2 40. Bf1 Rd1 41. f3 Bd3 42. Kf2 Rxf1+ 43. Ke3 Bc4 44. Rxb7 Bd5 45. Ra7 Nd7 46. Kf4 h6 47. Rxa6 Rb1 48. h4 Rb4+ 49. Kg3 Nxe5 50. Ra7 g5 51. hxg5 hxg5 52. Rg7 Nf7 53. a5 Ra4 54. Rg8+ Ke7 55. Rb8 Rxa5 56. Rb2 Ra4 57. Rb8 g4 58. fxg4 Ne5 59. Kh3 Nxg4 60. Rg8 Nf6 61. Rg7+ Kd6 62. Rg6 Ne4 63. Rg8 Ra3+ 64. Kh4 Ra1 65. Rd8+ Ke5 66. Kg4 Bc4 67. Kh5 Rg1 68. g4 Nf6+ 69. Kg6 Rxg4+ 70. Kf7 Nd5 71. Rh8 Rf4+ 72. Kg7 Kd6 73. Rh1 Ke7 74. Rg1 Bd3 75. Kh8 Rf8+ 76. Kg7 Nf6 77. Kh6 Rh8+ 78. Kg5 Rg8+ 79. Kh6 Rh8+ 80. Kg5 Rh5+ 81. Kf4 Rf5+ 82. Ke3 Bb5 83. Rg7+ Kd6 84. Rb7 Bc6 85. Rb8 Nd5+ 86. Ke2 e5 87. Rd8+ Kc5 88. Rc8 e4 89. Rd8 Bb5+ 90. Ke1 Kd4 91. Kd2 e3+ 92. Kc2 Rf2+ 93. Kd1 Kc3 94. Rc8+ Bc4 95. Rf8 Rxf8 0-1


[Site "https://www.chess.com"]

[Event "Titled Tuesday Blitz May 17 Early 2022"]
[White "Babazada, Khazar"]
[Black "Lazavik, Denis"]
[WhiteFideId "13413554"]
[BlackFideId "13515110"]
[WhiteElo "2406"]
[BlackElo "2437"]
[Result "1/2-1/2"]
[Round "10"]
[TimeControl "180+1"]
[Date "2022.05.17"]
[WhiteClock "0:00:03"]
[BlackClock "0:00:07"]

1. e4 e5 2. Nf3 Nc6 3. Bb5 a6 4. Ba4 Nf6 5. O-O Be7 6. Re1 b5 7. Bb3 d6 8. c3 O-O 9. h3 Bb7 10. d4 Re8 11. a3 Bf8 12. Nbd2 h6 13. Bc2 Nb8 14. b4 Nbd7 15. Bb2 g6 16. c4 exd4 17. Nxd4 bxc4 18. Nxc4 c5 19. Nb3 Bxe4 20. Bxe4 Rxe4 21. Rxe4 Nxe4 22. Qd3 Nef6 23. bxc5 dxc5 24. Rd1 Qc7 25. Qf3 Rb8 26. Nbd2 Bg7 27. Bc3 Re8 28. Rb1 Rb8 29. Re1 Re8 30. Rb1 Re6 31. Qa8+ Kh7 32. Ba5 Qf4 33. Qf3 Qxf3 34. Nxf3 Re4 35. Nfd2 Rd4 36. Rb7 Kg8 37. Kf1 Nf8 38. Ke2 Ne4 39. Ne3 Nxd2 40. Bxd2 Ra4 41. Bc1 Ne6 42. g3 c4 43. Rb4 Rxb4 44. axb4 Nd4+ 45. Kd1 c3 46. Nd5 Nc6 47. Kc2 Kf8 48. Kb3 Bd4 49. Bxh6+ Ke8 50. Be3 Be5 51. Nxc3 Kd7 52. Kc4 Bd6 53. Bc5 Be5 54. Ne4 Ke6 55. Ng5+ Kf6 56. f4 Bb8 57. Kd5 Ne7+ 58. Bxe7+ Kxe7 59. Ne4 Bc7 60. Kc6 Bd8 61. Nc5 a5 62. b5 f5 63. b6 Bxb6 64. Kxb6 Kd6 65. Nb7+ Kd5 66. Kxa5 Ke4 67. Nd6+ Kf3 68. Nf7 Kxg3 69. Ne5 Kxf4 70. Nxg6+ Kg3 71. h4 Kg4 72. Kb5 Kh5 73. Ne5 Kxh4 74. Kc4 Kg3 75. Kd3 f4 76. Ke4 f3 77. Nxf3 1/2-1/2


[Site "https://www.chess.com"]

[Event "Titled Tuesday Blitz May 17 Early 2022"]
[White "Bachmann, Axel"]
[Black "Gunina, Valentina"]
[WhiteFideId "3700488"]
[BlackFideId "4167570"]
[WhiteElo "2587"]
[BlackElo "2381"]
[Result "1-0"]
[Round "10"]
[TimeControl "180+1"]
[Date "2022.05.17"]
[WhiteClock "0:00:45"]
[BlackClock "0:00:16"]

1. e4 c6 2. d4 d5 3. e5 c5 4. Nf3 cxd4 5. Qxd4 Nc6 6. Qf4 g6 7. Qg3 Bg7 8. Bd3 Qc7 9. Bf4 e6 10. Nc3 a6 11. O-O Nge7 12. Rfe1 Bd7 13. Bg5 h6 14. Bf6 Bxf6 15. exf6 Qxg3 16. hxg3 d4 17. Ne4 Nc8 18. Nc5 b6 19. Nxd7 Kxd7 20. Be4 N8a7 21. Nxd4 Rad8 22. Nf3 Kc7 23. Rad1 Rxd1 24. Rxd1 Rd8 25. Rd3 Rxd3 26. Bxd3 b5 27. Bxg6 Nd8 28. Be4 Kd6 29. g4 Nc8 30. Bd3 Nb6 31. Nd2 Nd7 32. Ne4+ Ke5 33. g3 Nb6 34. f4+ Kd4 35. Kf2 Na4 36. b3 Nb6 37. Ke2 Kd5 38. c3 Kc6 39. g5 hxg5 40. Nxg5 Kd7 41. Be4 Kd6 42. Kd3 e5 43. f5 Nd7 44. Nh7 a5 45. g4 a4 46. b4 Nb6 47. g5 Kd7 48. g6 fxg6 49. fxg6 Ke6 50. g7 1-0


[Site "https://www.chess.com"]

[Event "Titled Tuesday Blitz May 17 Early 2022"]
[White "Chigaev, Maksim"]
[Black "Postny, Evgeny"]
[WhiteFideId "4108116"]
[BlackFideId "2804344"]
[WhiteElo "2457"]
[BlackElo "2500"]
[Result "1-0"]
[Round "10"]
[TimeControl "180+1"]
[Date "2022.05.17"]
[WhiteClock "0:00:04"]
[BlackClock "0:00:01"]

1. d4 Nf6 2. c4 e6 3. g3 d5 4. Bg2 Bb4+ 5. Nd2 O-O 6. Nf3 b6 7. O-O Bb7 8. Ne5 Be7 9. Qc2 c5 10. dxc5 Bxc5 11. cxd5 Bxd5 12. e4 Bb7 13. Nb3 Nbd7 14. Rd1 Qe7 15. Nxd7 Nxd7 16. Nxc5 Nxc5 17. b4 Na6 18. a3 Rfc8 19. Qe2 Nc7 20. Qg4 Ne8 21. Bb2 Rc2 22. Bd4 Rac8 23. h4 e5 24. Be3 Nf6 25. Qf5 h6 26. h5 R8c4 27. Rd5 Nxd5 28. exd5 Bc8 29. Qd3 e4 30. d6 Qe6 31. Qd1 Bd7 32. a4 R2c3 33. a5 Rd3 34. Qe1 Rxd6 35. axb6 axb6 36. Ra8+ Rc8 37. Qa1 Kh7 38. Ra7 Qc4 39. Qe5 Qe6 40. Qf4 Re8 41. Kh2 Rd5 42. Rb7 Rxh5+ 43. Kg1 Rf5 44. Qc7 Bb5 45. Rxb6 Qc4 46. Qxc4 Bxc4 47. Rc6 Bd3 48. Rc7 Kg8 49. Bc5 Rf6 50. Bh3 Ra6 51. Bd7 Rea8 52. g4 Ra1+ 53. Kh2 R1a2 54. Kg3 Rd8 55. Bc6 Rc2 56. Kf4 Rb8 57. Ke5 f6+ 58. Ke6 Kh7 59. Ke7 Rg8 60. Be3 Re2 61. b5 Rb8 62. b6 Rb2 63. Bd7 R2xb6 64. Bf5+ g6 65. Bxb6 Rxb6 66. Kf8+ Kh8 67. Bxg6 1-0


[Site "https://www.chess.com"]

[Event "Titled Tuesday Blitz May 17 Early 2022"]
[White "Ciorgovean, Iustin"]
[Black "Tarigan, Gilbert Elroy"]
[WhiteFideId "1242911"]
[BlackFideId "7108133"]
[WhiteElo "2075"]
[BlackElo "1908"]
[Result "1/2-1/2"]
[Round "10"]
[TimeControl "180+1"]
[Date "2022.05.17"]
[WhiteClock "0:00:49"]
[BlackClock "0:00:12"]

1. d4 f5 2. Nf3 Nf6 3. g3 g6 4. Bg2 Bg7 5. O-O O-O 6. b3 d6 7. Bb2 Ne4 8. Nbd2 Nc6 9. Ne1 Nxd2 10. Qxd2 e5 11. Bd5+ Kh8 12. Bxc6 bxc6 13. dxe5 dxe5 14. Qxd8 Rxd8 15. Nd3 e4 16. Bxg7+ Kxg7 17. Nc5 Kf6 18. Rfd1 Be6 19. c4 Rd6 20. Kf1 Rad8 21. Ke1 Bc8 22. Rac1 Ke5 23. f4+ Kf6 24. e3 h6 25. Ke2 g5 26. b4 Be6 27. Rxd6 cxd6 28. Nxe6 Kxe6 29. b5 Kd7 30. a4 gxf4 31. exf4 Kc7 32. a5 Rb8 33. Ke3 Kd7 34. Rb1 c5 35. Rd1 h5 36. Rd5 Ke6 37. h3 Rg8 38. Kf2 e3+ 39. Kf3 e2 40. Kxe2 Rxg3 41. Rd3 Rxd3 42. Kxd3 Kd7 43. Ke3 Kc7 44. Kf3 h4 45. Ke3 Kb7 46. Kd3 Kc7 47. Kc3 Kb7 48. Kb3 Kc7 49. Kc3 Kb7 50. Kb3 Kc7 51. Kc3 1/2-1/2


[Site "https://www.chess.com"]

[Event "Titled Tuesday Blitz May 17 Early 2022"]
[White "Csonka, Balazs"]
[Black "Molina, Roberto Junio Brito"]
[WhiteFideId "742910"]
[BlackFideId "2109450"]
[WhiteElo "2404"]
[BlackElo "2432"]
[Result "1-0"]
[Round "10"]
[TimeControl "180+1"]
[Date "2022.05.17"]
[WhiteClock "0:00:08"]
[BlackClock "0:00:04"]

1. e4 c6 2. Ne2 d5 3. e5 c5 4. d4 e6 5. c3 Ne7 6. Nd2 Nec6 7. Nf3 b6 8. Nf4 Ba6 9. Bxa6 Nxa6 10. h4 b5 11. a3 c4 12. Ng5 Qd7 13. Qh5 g6 14. Qf3 h6 15. Ngxe6 fxe6 16. Nxg6 Rg8 17. Nxf8 Rxf8 18. Qh5+ Qf7 19. Qxf7+ Rxf7 20. Bxh6 Kd7 21. g4 Rg8 22. Bg5 Rh7 23. f4 Nc7 24. Kf2 a5 25. Kg3 Ne8 26. f5 exf5 27. gxf5 Ng7 28. Raf1 Ne7 29. f6 Nh5+ 30. Kg4 Ng6 31. f7 Rf8 32. Kf5 Rhxf7+ 33. Kxg6 Rxf1 34. Rxf1 Rxf1 35. Kxh5 Ke6 36. Kg6 Rf2 37. h5 Rxb2 38. h6 Rh2 39. h7 b4 40. axb4 axb4 41. Bh6 Rg2+ 42. Kh5 Rh2+ 43. Kg5 Rg2+ 44. Kf4 Rf2+ 45. Ke3 b3 46. h8=Q b2 47. Qe8+ Kf5 48. Qf7+ Kg4 49. Qg6+ Kh3 50. Kxf2 b1=N 51. Qg3# 1-0


[Site "https://www.chess.com"]

[Event "Titled Tuesday Blitz May 17 Early 2022"]
[White "De Silva, L M S T"]
[Black "Matinian, Nikita"]
[WhiteFideId "9953698"]
[BlackFideId "24129100"]
[WhiteElo "1631"]
[BlackElo "2422"]
[Result "0-1"]
[Round "10"]
[TimeControl "180+1"]
[Date "2022.05.17"]
[WhiteClock "0:00:02"]
[BlackClock "0:00:35"]

1. e4 c5 2. Nf3 d6 3. Bb5+ Nd7 4. Ba4 Nf6 5. O-O g5 6. e5 dxe5 7. Nxe5 Qc7 8. Re1 Bg7 9. d3 h6 10. Nc3 O-O 11. Nxd7 Bxd7 12. Rxe7 Qd6 13. Re1 Ng4 14. g3 Bxc3 15. bxc3 Nxf2 16. Kxf2 Bxa4 17. Bb2 Bc6 18. c4 Rae8 19. Qd2 f6 20. Kg1 b6 21. Qf2 Kf7 22. Qf5 Kg7 23. Kf2 Re5 24. Qg4 h5 25. Qd1 Rf5+ 26. Kg1 Kg6 27. Qd2 h4 28. g4 Rf4 29. Qe2 Bf3 30. Qe7 Rxg4+ 31. Kf1 Bg2+ 32. Kg1 Be4+ 0-1


[Site "https://www.chess.com"]